 Dungeon Crawl Stone Soup version 0.27.0-66-gdc8fb28755 (webtiles) character file.

Game seed: 2742737744695601538

31 Calibrex the Ducker (level 3, -6/30 HPs)
             Began as a Human Monk on Aug 21, 2021.
             Was a Believer of Okawaru.
             Mangled by Sigmund (11 damage)
             ... on level 2 of the Dungeon.
             The game lasted 00:02:23 (1334 turns).

Calibrex the Ducker (Human Monk)                    Turns: 1334, Time: 00:02:25

Health: -6/30      AC:  2    Str: 12    XL:     3   Next: 40%
Magic:  2/3        EV: 13    Int: 10    God:    Okawaru [**....]
Gold:   79         SH:  0    Dex: 15    Spells: 2/2 levels left

rFire    . . .     SeeInvis .   b - +0 bardiche
rCold    . . .     Faith    .   (shield currently unavailable)
rNeg     . . .     Spirit   .   l - +0 robe
rPois    .         Reflect  .   (no helmet)
rElec    .         Harm     .   (no cloak)
rCorr    .         Rampage  .   (no gloves)
Will     .....                  (no boots)
Stlth    ++........             (no amulet)
HPRegen  0.10/turn              (no ring)
MPRegen  0.08/turn              (no ring)

@: no status effects
A: no striking features
a: Renounce Religion, Heroism


You were on level 2 of the Dungeon.
You worshipped Okawaru.
Okawaru was pleased with you.
You visited 1 branch of the dungeon, and saw 2 of its levels.

You collected 79 gold pieces.

Inventory:

Hand Weapons
 a - a +0 falchion
 b - a +0 bardiche (weapon)
Missiles
 j - 6 javelins (quivered)
Armour
 l - a +0 robe (worn)
Scrolls
 c - a scroll of noise {unknown}
 g - a scroll of amnesia {unknown}
 h - a scroll of enchant weapon {unknown}
 k - a scroll of blinking {unknown}
 m - a scroll of teleportation {unknown}
Potions
 d - a potion of heal wounds {unknown}
 e - a potion of invisibility {unknown}
 i - a potion of cancellation {unknown}


   Skills:
 + Level 3.6 Fighting
 - Level 3.0 Long Blades
 + Level 3.6 Dodging
 - Level 2.0 Stealth


You had 2 spell levels left.
You didn't know any spells.
Your spell library was empty.

Dungeon Overview and Level Annotations

Branches:
Dungeon (2/15)

Altars:
Okawaru

Annotations:
D:2 Sigmund


Message History

Sigmund is lightly wounded.
Sigmund closely misses you.
You reach to attack!
You slash Sigmund!
Sigmund is moderately wounded.
Sigmund misses you. Sigmund closely misses you.
You reach to attack!
You closely miss Sigmund.
Sigmund is moderately wounded.
Sigmund gestures at you while chanting.
You are confused.
Sigmund laughs darkly.
Sigmund casts a spell.
Sigmund flickers and vanishes!
Deactivating autopickup; reactivate with Ctrl-A.
It was a potion of curing.
You feel better. Something hits you.
Reach: b) +0 bardiche
Press: ? - help, Dir - move target You reach to attack!
You miss something. Something barely misses you.
Reach: b) +0 bardiche
Press: ? - help, Dir - move target You reach to attack!
You miss something.
You feel like a meek peon again. Something hits you!
Something hits you but does no damage.
You don't have enough magic at the moment.
Reach: b) +0 bardiche
Press: ? - help, Dir - move target You reach to attack!
You barely miss something. Something hits you. Something hits you!
* * * LOW HITPOINT WARNING * * *
Reach: b) +0 bardiche
Press: ? - help, Dir - move target, f - you
Okay, then.
You feel better. Something hits you.
* * * LOW HITPOINT WARNING * * *
Reach: b) +0 bardiche
Press: ? - help, Dir - move target You reach to attack!
You miss something.
You hear some strange, mumbled words.
Something tries to affect you, but you resist.
Something hits you!
You die...

.#.####.#.......#.##.#......#
#.# #.####...<#.##...####.#
#.# #.# #...<#.###..# ###.#
#.# #...........# ....####.#
#....#....#.#
##.......####....######>#
#.########รท..^.........#
#.#### #.#.#.#######.# #....#
#.#.#.@.{...#.# ####.#
#.#.#######.#.# #.# #.#.# .#
#.#####.#.# #.......#.#
#########.#


There were no monsters in sight!

Vanquished Creatures
  A gnoll (D:1)
  2 bats
  2 endoplasms (D:1)
  A giant cockroach (D:1)
  4 goblins (D:1)
  3 hobgoblins
  A quokka (D:2)
  A ball python (D:1)
  A frilled lizard (D:1)
  2 kobolds
  2 rats
20 creatures vanquished.

Notes
Turn   | Place    | Note
-------+----------+-------------------------------------------
     0 | D:1      | Calibrex the Human Monk began the quest for the Orb.
     0 | D:1      | Reached XP level 1. HP: 18/18 MP: 1/1
   100 | D:1      | Found a faded altar of an unknown god.
   132 | D:1      | Became a worshipper of Warmaster Okawaru
   132 | D:1      | Reached * piety under Okawaru
   132 | D:1      | Reached ** piety under Okawaru
   223 | D:1      | Reached XP level 2. HP: 23/24 MP: 2/2
   662 | D:1      | Reached XP level 3. HP: 23/29 MP: 3/3
  1322 | D:2      | Noticed Sigmund
  1334 | D:2      | Mangled by Sigmund

Illustrated notes

Levels and vault maps discovered:
D:1:      amcnicky_arrival_double_pillar, layout_rooms, basic_ecumenical_altar
D:2:      layout_basic, uniq_terence, uniq_sigmund

Action                   || total
-------------------------++-------
Melee: Falchion          ||    45
       Bardiche          ||    28
Invok: Heroism           ||     2
  Use: Potion            ||     2
       Scroll            ||     1
 Stab: Sleeping          ||     5
Armor: Robe              ||    11
Dodge: Dodged            ||    51
       Rpst.: Falchion   ||     8
